AoeStats
← CalvaroLDS

Arena

510286165Analyzed
1v1 RM · 1d ago on Sep 30, 2026· 31m 46s· 2 players
Game mode
Random Map
Map size
Tiny (2 player)
Population
200
Speed
Normal
Resources
Standard
Victory
Conquest
Starting age
Dark Age
Ending age
Imperial Age
RankedLock teamsTeams togetherTeam positionsShared explorationLock speedFull tech treeHidden civsTurbo modeCheats
Victory
Defeat
🇲🇿 Bohemians · Mozambique
961
+15
🇫🇷 Spanish · France
942
-15
gams06
3:09 Loom
11:39 Feudal Age
15:17 Castle Age
13:50 Stone Mining
14:31 Double-Bit Axe
14:30 Horse Collar
19:17 Fervor
CalvaroLDS
10:40 Feudal Age
12:29 Loom
15:01 Castle Age
13:15 Double-Bit Axe
24:08 Fletching
27:44 Bodkin Arrow
Connection lost

Rejoining the realm…

Still unreachable

The connection could not be restored.

Session expired

The server has moved on; the page needs a fresh start.